 Dungeon Crawl Stone Soup version 0.30-a0-728-gc68057be0a (webtiles) character file.

Game seed: 5092003532495626607

4 KleinerIrrer the Shield-Bearer (level 1, 22/22 HPs)
             Began as a Troll Fighter on Jan 30, 2023.
             Got out of the dungeon alive.
             The game lasted 00:00:22 (89 turns).

KleinerIrrer the Shield-Bearer (Troll Fighter)        Turns: 89, Time: 00:00:23

Health: 22/22      AC:  4    Str: 23    XL:     1   Next: 50%
Magic:  0/0        EV:  8    Int:  4    God:
Gold:   29         SH:  7    Dex:  9    Spells: 0/0 levels left

rFire   . . .      SeeInvis .    a - +0 flail
rCold   . . .      Faith    .    c - +0 kite shield
rNeg    . . .      Spirit   .    b - +0 robe
rPois   .          Reflect  .    (helmet restricted)
rElec   .          Harm     .    (no cloak)
rCorr   .          Rampage  .    (gloves unavailable)
Will    .....                    (boots unavailable)
Stlth   +                        (no amulet)
HPRegen 1.03/turn                (no ring)
MPRegen 0.07/turn                (no ring)

@: no status effects
A: large, unfitting armour, claws 3, regeneration 1, shaggy fur 1, tough skin 1
a: no special abilities


You escaped.
You visited 1 branch of the dungeon, and saw 1 of its levels.

You collected 29 gold pieces.

Inventory:

Hand Weapons
 a - a +0 flail (weapon)
Armour
 b - a +0 robe (worn)
 c - a +0 kite shield (worn)
Jewellery
 e - a ring of wizardry
Potions
 d - a potion of might


   Skills:
 + Level 2.4 Fighting
 + Level 1.9 Maces & Flails
 + Level 2.4 Dodging
 + Level 2.7 Shields


You couldn't memorise any spells.
You didn't know any spells.
Your spell library was empty.

Dungeon Overview and Level Annotations

Branches:
Dungeon (1/15)

Altars:


Innate Abilities, Weirdness & Mutations

You are too large for most types of armour.
You have claws for hands.
Your natural rate of healing is unusually fast.
You are covered in fur. (AC +1)
You have tough skin. (AC +1)


Message History

You closely miss the quokka. You block the quokka's attack.
The quokka bites you but does no damage.
You closely miss the quokka. The goblin hits you with a +0 club.
The quokka bites you.
You barely miss the quokka. You block the quokka's attack.
The goblin closely misses you. The quokka barely misses you.
You block the goblin's attack.
You miss the quokka. You block the quokka's attack.
The goblin closely misses you. The quokka bites you.
You thump the quokka!
You kill the quokka!
The goblin hits you with a +0 club. The goblin hits you but does no damage.
The rat bites you.
You closely miss the rat. The goblin hits you but does no damage.
You block the rat's attack.
You sock the rat!
You kill the rat!
The goblin hits you but does no damage. x2
You closely miss the goblin. The goblin hits you but does no damage.
You sock the goblin!
You kill the goblin!
No target in view!
HP restored.
e - a ring of wizardry You see here a +0 club.
You now have 29 gold pieces (gained 14).
A rat comes into view.
A rat is nearby!
Unknown command.
You hit the rat.
You kill the rat!
No target in view!
There is an escape hatch in the floor here.
There is a staircase leading out of the dungeon here.
Are you sure you want to leave the Dungeon?
This will make you lose the game! [Y]es or [N]o only, please.
Are you sure you want to leave the Dungeon?
This will make you lose the game! [Y]es or [N]o only, please.
Are you sure you want to leave the Dungeon?
This will make you lose the game!
You have escaped!

#. #. #.
#################.
#.............>##.
#..#..#..#..#..##.
#................)
#..............###
#@............>###
#.................
#...............##
#..#..#..#..#..###
#.............># #
################ #
. . .


There were no monsters in sight!

Vanquished Creatures
  A goblin (D:1)
  A quokka (D:1)
  2 rats (D:1)
4 creatures vanquished.

Notes
Turn   | Place    | Note
-------+----------+-------------------------------------------
     0 | D:1      | KleinerIrrer the Troll Fighter began the quest for the Orb.
     0 | D:1      | Reached XP level 1. HP: 22/22 MP: 0/0
    89 | D:$      | Got out of the dungeon alive.

Illustrated notes

Levels and vault maps discovered:
D:1:      lemuel_arrival_broad_hall, layout_loops_ring, serial_shops, shop,
          shop, chequers_serial_rivers_small_a

Action                     || total
---------------------------++-------
  Melee: Flail             ||    10
 Armour: Robe              ||     7
  Dodge: Dodged            ||     3
  Block: Kite shield       ||     5

Table legend: (Time is in decaauts)
 A = Elapsed time spent in this place.
 B = Non-inter-level travel time spent in this place.
 C = Inter-level travel time spent in this place.
 D = Time resting spent in this place.
 E = Time spent auto-exploring this place.
 F = Levels seen in this place.
 G = Mean time per level.
                   A        B        C        D        E       F      G
               +--------+--------+--------+--------+--------+-----+--------+
         Total |     93 |     67 |     26 |      0 |     37 |   1 |   93.0 |
       Dungeon |     93 |     67 |     26 |      0 |     37 |   1 |   93.0 |
               +--------+--------+--------+--------+--------+-----+--------+

Top non-repeatable levels by time:
     D:1: 93 daAuts
